 Dungeon Sprint DCSS version 0.27.1-33-g824d729ab1 (webtiles) character file.

Game seed: 17149152665909813827

15903 manyhoops the Wrestler (level 12, -4/190 HPs)
             Began as a Troll Gladiator on Dec 6, 2021.
             Was the Champion of Trog.
             Slain by a 12-headed hydra (8 damage)
             ... while paralysed by a floating eye
             ... in the Dungeon (Sprint I: "Red Sonja").
             The game lasted 00:07:49 (1306 turns).

manyhoops the Wrestler (Troll Gladiator)            Turns: 1306, Time: 00:07:50

Health: -4/190     AC:  7    Str: 29    XL:     12   Next: 5%
Magic:  11/11      EV:  1    Int:  7    God:    Trog [******]
Gold:   1302       SH:  0    Dex: 11    Spells: 11/11 levels left

rFire    . . .     SeeInvis +   i - +2 great sword (flame)
rCold    . . .     Faith    .   (shield currently unavailable)
rNeg     + . .     Spirit   .   q - +1 troll leather armour "Pyumegh" {rN+ Regen+}
rPois    +         Reflect  .   b - +0 hat
rElec    .         Harm     .   (no cloak)
rCorr    .         Rampage  .   (gloves unavailable)
Will     .....     NoTele   +   (boots unavailable)
Stlth    ..........             (no amulet)
HPRegen  2.41/turn              p - ring of the Albatross {rPois Int+3 SInv}
MPRegen  0.12/turn              (no ring)

@: paralysed, berserking
A: large, unfitting armour, claws 3, regeneration 1, shaggy fur 1, tough skin 1
a: Renounce Religion, Berserk, Trog's Hand, Brothers in Arms


You were in the Dungeon.
You worshipped Trog.
Trog was exalted by your worship.
You visited 1 branch You collected 2095 gold pieces.
You spent 793 gold pieces at shops.

Inventory:

Hand Weapons
 i - a +2 great sword of flaming (weapon)
Missiles
 c - 3 throwing nets (quivered)
Armour
 a - a +0 robe
 b - a +0 hat (worn)
 j - a +0 troll leather armour
 q - the +1 troll leather armour "Pyumegh" (worn) {rN+ Regen+}
   (You found it in the Dungeon)

   rN:        It protects you from negative energy.
   Regen:     It increases your rate of health regeneration.
 r - a +1 cloak of willpower
Jewellery
 p - the ring of the Albatross (left claw) {rPois Int+3 SInv}
   (You found it in the Dungeon)

   [ring of see invisible]

   Int:       It affects your intelligence (+3).
   rPois:     It protects you from poison.
   SInv:      It lets you see invisible.
 w - a ring of ice
Wands
 e - a wand of paralysis (13)
 n - a wand of mindburst (9)
 u - a wand of iceblast (11)
Scrolls
 k - 3 scrolls of magic mapping
 o - a scroll of enchant weapon
 s - a scroll of immolation
 t - a scroll of holy word
 v - a scroll of fear
Potions
 d - 3 potions of curing
 f - a potion of haste
 g - 2 potions of magic
 h - a potion of lignification
 l - 2 potions of attraction {unknown}
 m - a potion of degeneration {unknown}
 x - a potion of ambrosia {unknown}


   Skills:
 + Level 10.5 Fighting
 - Level 1.7 Throwing
 - Level 2.4 Dodging
 + Level 25.0 Unarmed Combat


You had 11 spell levels left.
You didn't know any spells.
Your spell library was empty.

Dungeon Overview and Level Annotations

Branches:
Dungeon (1/1)

Altars:
Cheibriados
Dithmenos
Elyvilon
Fedhas
Gozag
Hepliaklqana
Kikubaaqudgha
Makhleb
Nemelex Xobeh
Okawaru
Qazlal
Ru
Sif Muna
Trog
Uskayaw
Vehumet
Wu Jian
Xom
Yredelemnul
Zin
The Shining One
Jiyva
Lugonu

Shops:
D :*(*(:=[(?*:((?[:

Annotations:
D Tiamat


Innate Abilities, Weirdness & Mutations

You are too large for most types of armour.
You have claws for hands.
Your natural rate of healing is unusually fast.
You are covered in fur. (AC +1)
You have tough skin. (AC +1)


Message History

The floating eye gazes piercingly through you!
You suddenly lose the ability to move!
The 12-headed hydra barely misses you. The 12-headed hydra bites you.
The 12-headed hydra bites you! The 12-headed hydra bites you.
The 12-headed hydra bites you!
The 12-headed hydra completely misses you.
The 12-headed hydra bites you!
The 12-headed hydra bites you but does no damage.
The 12-headed hydra bites you. The 12-headed hydra bites you!
The 12-headed hydra bites you. x2
The floating eye seems to glare at you.
The 12-headed hydra completely misses you.
The 12-headed hydra bites you but does no damage. x3
The 12-headed hydra barely misses you. The 12-headed hydra bites you. x4
The 12-headed hydra bites you! x2
The 12-headed hydra bites you but does no damage.
The floating eye gazes piercingly through you!
You shrug off the repeated paralysis!
The 12-headed hydra bites you. x4
The 12-headed hydra bites you but does no damage.
The 12-headed hydra bites you! The 12-headed hydra bites you. x2
The 12-headed hydra bites you!
* * * LOW HITPOINT WARNING * * *
The 12-headed hydra bites you.
* * * LOW HITPOINT WARNING * * *
The 12-headed hydra bites you.
* * * LOW HITPOINT WARNING * * *
The 12-headed hydra bites you but does no damage.
The 12-headed hydra bites you!
* * * LOW HITPOINT WARNING * * *
The 12-headed hydra bites you!
* * * LOW HITPOINT WARNING * * *
The 12-headed hydra bites you.
* * * LOW HITPOINT WARNING * * *
The 12-headed hydra bites you but does no damage.
The 12-headed hydra bites you!
* * * LOW HITPOINT WARNING * * *
The 12-headed hydra bites you but does no damage.
The 12-headed hydra bites you.
* * * LOW HITPOINT WARNING * * *
The 12-headed hydra bites you!
You die...

#####################
..#((#§..§§§§§§§@DG$#
..##'#.####§..§§##§.+
..'..#.# ##§§§######
###.§§.# #$###§# ?(##
.##+####^.$#y#.##$$$#
.#...○.#..$###..###$#
.#.)^○°2..$$2##.#A#$#
'###°○.#^.. #..###$#
.'.#..^# #+ #.##..$#


You could see a 12-headed hydra and a floating eye.

Vanquished Creatures
  3 fire giants (D)
  A lorocyproca (D)
  2 centaur warriors (D)
  Sonja (D)
  A deep troll (D)
  A lindwurm (D)
  An oklob plant (D)
  A gargoyle (D)
  7 unseen horrors (D)
  2 kobold demonologists (D)
  4 demonic crawlers (D)
  A hornet (D)
  A slime creature (D)
  Sigmund (D)
  2 redbacks (D)
  13 hogs (D)
  A yak (D)
  2 floating eyes (D)
  An ogre (D)
  7 necrophages (D)
  8 jellies (D)
  Ijyb (D)
  A ballistomycete spore (D)
63 creatures vanquished.

Vanquished Creatures (collateral kills)
  A fire giant (D)
1 creature vanquished.

Vanquished Creatures (others)
  A ballistomycete spore (D)
1 creature vanquished.

Grand Total: 65 creatures vanquished

Notes
Turn   | Place    | Note
-------+----------+-------------------------------------------
     0 | D        | manyhoops the Troll Gladiator began the quest for the Orb.
     0 | D        | Reached XP level 1. HP: 19/19 MP: 0/0
     1 | D        | Noticed Ijyb
     4 | D        | Killed Ijyb
     5 | D        | Reached skill level 5 in Unarmed Combat
     5 | D        | Reached XP level 2. HP: 29/29 MP: 1/1
     8 | D        | Noticed an ogre
    13 | D        | Killed an ogre
    14 | D        | Reached skill level 8 in Unarmed Combat
    14 | D        | Reached XP level 3. HP: 17/39 MP: 2/2
    14 | D        | Reached XP level 4. HP: 21/48 MP: 3/3
    38 | D        | Noticed Sigmund
    45 | D        | Killed Sigmund
    46 | D        | Reached skill level 11 in Unarmed Combat
    46 | D        | Reached XP level 5. HP: 46/55 MP: 4/4
    46 | D        | Reached XP level 6. HP: 53/63 MP: 5/5
    66 | D        | Found an ornate altar of the Wu Jian Council.
    66 | D        | Found a shimmering blue altar of Sif Muna.
    68 | D        | Found a radiant altar of Vehumet.
    79 | D        | Found Momir's General Store.
    79 | D        | Found an ancient bone altar of Kikubaaqudgha.
    79 | D        | Found a hazy altar of Hepliaklqana.
    79 | D        | Found a stormy altar of Qazlal.
    79 | D        | Found a hide-covered altar of Uskayaw.
    79 | D        | Found a blossoming altar of Fedhas.
    79 | D        | Found a bloodstained altar of Trog.
    79 | D        | Found an iron altar of Okawaru.
    79 | D        | Found a basalt altar of Yredelemnul.
    79 | D        | Found a glowing golden altar of the Shining One.
    79 | D        | Found a snail-covered altar of Cheibriados.
    79 | D        | Found a sacrificial altar of Ru.
    79 | D        | Found a glowing silver altar of Zin.
    79 | D        | Found a shadowy altar of Dithmenos.
    79 | D        | Found a white marble altar of Elyvilon.
    79 | D        | Noticed a yak
    81 | D        | Killed a yak
    82 | D        | Reached skill level 5 in Fighting
    82 | D        | Reached skill level 13 in Unarmed Combat
    82 | D        | Found an opulent altar of Gozag.
    83 | D        | Found a sparkling altar of Nemelex Xobeh.
    99 | D        | Became a worshipper of Trog the Wrathful
   135 | D        | Found a viscous altar of Jiyva.
   135 | D        | Found a corrupted altar of Lugonu.
   135 | D        | Noticed a slime creature
   136 | D        | Found a burning altar of Makhleb.
   136 | D        | Found a shimmering altar of Xom.
   143 | D        | Killed a slime creature
   144 | D        | Reached XP level 7. HP: 52/74 MP: 6/6
   174 | D        | Noticed a kobold demonologist
   175 | D        | Noticed a kobold demonologist
   177 | D        | Reached skill level 14 in Unarmed Combat
   179 | D        | Killed a kobold demonologist
   179 | D        | Reached * piety under Trog
   180 | D        | Reached skill level 15 in Unarmed Combat
   182 | D        | Killed a kobold demonologist
   182 | D        | Reached ** piety under Trog
   183 | D        | Reached XP level 8. HP: 84/84 MP: 7/7
   189 | D        | Noticed a demonic crawler
   189 | D        | Noticed a demonic crawler
   189 | D        | Noticed a demonic crawler
   189 | D        | Noticed a demonic crawler
   192 | D        | Killed a demonic crawler
   193 | D        | Reached skill level 16 in Unarmed Combat
   194 | D        | Killed a demonic crawler
   199 | D        | Killed a demonic crawler
   199 | D        | Reached *** piety under Trog
   200 | D        | Reached skill level 17 in Unarmed Combat
   203 | D        | Killed a demonic crawler
   204 | D        | Reached XP level 9. HP: 84/93 MP: 8/8
   237 | D        | Noticed a lindwurm
   241 | D        | Killed a lindwurm
   242 | D        | Reached skill level 18 in Unarmed Combat
   369 | D        | Noticed Sonja
   372 | D        | Killed Sonja
   372 | D        | Reached **** piety under Trog
   381 | D        | Found Jecuofyh's Book Boutique.
   424 | D        | Noticed a deep troll
   428 | D        | Killed a deep troll
   429 | D        | Reached skill level 19 in Unarmed Combat
   495 | D        | Found Raligh's Armour Emporium.
   514 | D        | Noticed a centaur warrior
   514 | D        | Noticed a centaur warrior
   521 | D        | Killed a centaur warrior
   522 | D        | Reached skill level 20 in Unarmed Combat
   522 | D        | Reached XP level 10. HP: 103/105 MP: 9/9
   525 | D        | Killed a centaur warrior
   577 | D        | Reached ***** piety under Trog
   593 | D        | Noticed an oklob plant
   597 | D        | Killed an oklob plant
   647 | D        | Reached skill level 21 in Unarmed Combat
   683 | D        | Reached ****** piety under Trog
   688 | D        | Identified the +8 great sword "Zaanivo" {flame, Dex+2}
                  | (Trog gifted it to you in the Dungeon)
   688 | D        | Received a gift from Trog
   727 | D        | Identified the +9 rapier of Patterns {vorpal, Fragile
                  | +Blink rPois rCorr} (Trog gifted it to you in the Dungeon)
   727 | D        | Received a gift from Trog
   750 | D        | Identified the ring of the Albatross {rPois Int+3 SInv}
   760 | D        | Identified the +1 troll leather armour "Pyumegh" {rN+
                  | Regen+}
   774 | D        | Found Miwu's General Store.
   774 | D        | Found Isotomeu's Weapon Shop.
   774 | D        | Found Ylimaijost's Antique Weapon Boutique.
   776 | D        | Found Muinapan's Book Emporium.
   776 | D        | Found Nour's Jewellery Shop.
   776 | D        | Found Pubocerch's Armour Shoppe.
   776 | D        | Found Laurask's Weapon Boutique.
   776 | D        | Found Tiremos's Magic Scroll Emporium.
   776 | D        | Found Morovva's General Store.
   776 | D        | Found Nykhlob's Book Shoppe.
   779 | D        | Found Utro's Weapon Boutique.
   780 | D        | Found Pienaon's Magic Scroll Emporium.
   780 | D        | Found Borio's Weapon Boutique.
   781 | D        | Found Ikiytoig's Book Emporium.
   784 | D        | Bought a +1 cloak of willpower for 231 gold pieces
   786 | D        | Bought a scroll of immolation for 38 gold pieces
   786 | D        | Bought a scroll of holy word for 82 gold pieces
   786 | D        | Bought a scroll of identify for 22 gold pieces
   786 | D        | Bought a scroll of magic mapping for 38 gold pieces
   786 | D        | Bought a scroll of identify for 22 gold pieces
   790 | D        | Bought a scroll of fear for 35 gold pieces
   801 | D        | Bought a ring of ice for 325 gold pieces
   856 | D        | Noticed a gargoyle
   861 | D        | Killed a gargoyle
   862 | D        | Reached skill level 22 in Unarmed Combat
   874 | D        | Noticed a lorocyproca
   891 | D        | Killed a lorocyproca
   892 | D        | Reached XP level 11. HP: 115/115 MP: 0/10
   976 | D        | Received a gift from Trog
   995 | D        | Reached skill level 23 in Unarmed Combat
   999 | D        | Received a gift from Trog
  1022 | D        | Noticed a daeva
  1070 | D        | Noticed a fire giant
  1086 | D        | Killed a fire giant
  1086 | D        | Received a gift from Trog
  1087 | D        | Reached skill level 10 in Fighting
  1087 | D        | Reached skill level 24 in Unarmed Combat
  1137 | D        | Noticed a fire giant
  1156 | D        | Killed a fire giant
  1157 | D        | Noticed a fire giant
  1168 | D        | Killed a fire giant
  1209 | D        | Noticed a fire giant
  1217 | D        | Killed a fire giant
  1217 | D        | Received a gift from Trog
  1218 | D        | Reached skill level 25 in Unarmed Combat
  1218 | D        | Reached XP level 12. HP: 127/127 MP: 11/11
  1265 | D        | Found the +4 dragonskin cloak
  1265 | D        | Noticed Tiamat
  1302 | D        | Noticed a 12-headed hydra
  1303 | D        | Paralysed by a floating eye for 4 turns
  1306 | D        | HP: 7/190 [12-headed hydra (13)]
  1306 | D        | Slain by a 12-headed hydra

Illustrated notes

Levels and vault maps discovered:
D:        dungeon_sprint_1 [red_sonja_temple_1, red_sonja_temple_small_1]

Skill      XL: |  1  2  3  4  5  6  7  8  9 10 11 |
---------------+----------------------------------+-----
Fighting       | 2 3 4 5 6 7 8 9 10 | 10.5
Unarmed Combat | 5 8 11 13 15 17 20 22 25 | 25.0
Throwing       | |  1.7
Dodging        | |  2.4

Action                   |  1- 3 |  4- 6 |  7- 9 | 10-12 || total
-------------------------+-------+-------+-------+-------++-------
Melee: Unarmed           |     6 |    16 |    31 |   109 ||   162
       Punch             |       |       |     3 |    12 ||    15
Invok: Berserk           |       |       |     4 |     7 ||    11
       Trog's Hand       |       |       |       |     2 ||     2
       Brothers in Arms  |       |       |       |     1 ||     1
  Use: Potion            |     1 |       |       |     2 ||     3
       Scroll            |       |       |       |     3 ||     3
Armor: Robe              |       |       |     6 |       ||     6
       Troll leather arm |       |       |     2 |    34 ||    36
Dodge: Dodged            |     1 |     7 |     7 |    44 ||    59
